Map: Invader LE

Players

Fropez - Winner!

  • Race: Protoss Protoss
  • League: Silver
  • Spawn Location: 5:00

Vapor

  • Race: Protoss Protoss
  • League: Silver
  • Spawn Location: 7:00

VOD

Have the link to the VOD?

Description

Time

  • Played on: June 24, 2016, 5:36 p.m.
  • Length: 28:39
Show
View Real Time Build Order
Export as new Build Order

Fropez Protoss - Winner!

Build Orders: Oracle Opening 

Get SALT Encoding   

  12  0:11  Pylon  
  12  0:13  Probe (Chrono Boost)  
  13  0:30  Gateway  
  13  0:31  Probe (Chrono Boost)  
  14  0:41  Probe (Chrono Boost)  
  15  0:43  Assimilator  
  15  0:51  Pylon  
  15  0:54  Probe (Chrono Boost)  
  16  1:04  Probe (Chrono Boost)  
  17  1:14  Assimilator  
  17  1:18  Cybernetics Core  
  17  1:21  Probe (Chrono Boost)  
  18  1:31  Pylon  
  18  1:38  Pylon  
  19  1:47  Probe (Chrono Boost)  
  19  1:58  Stargate  
  19  2:00  Probe (Chrono Boost)  
  20  2:10  Warp Gate  
  20  2:13  Probe (Chrono Boost)  
  21  2:23  Gateway  
  21  2:26  Probe (Chrono Boost)  
  22  2:41  Oracle (Chrono Boost)  
  25  2:45  Probe  
  26  2:53  Adept  
  26  2:57  Probe  
  29  3:13  Oracle (Chrono Boost)  
  29  3:19  Adept  
  34  3:20  Adept  
  36  4:06  Probe  
  36  4:08  Phoenix (Chrono Boost)  
  39  4:12  Stargate  
  39  4:16  Pylon  
  39  4:24  Pylon  
  39  4:34  Zealot x2  
  37  4:51  Phoenix (Chrono Boost)  
  39  4:53  Protoss Air Weapons Level 1  
  41  5:01  Phoenix (Chrono Boost)  
  41  5:16  Phoenix (Chrono Boost)  
  41  5:17  Probe  
  46  5:37  Phoenix (Chrono Boost)  
  46  5:39  Nexus  
  46  5:42  Gateway  
  46  5:45  Pylon  
  46  5:47  Probe  
  45  6:24  Phoenix (Chrono Boost)  
  49  6:27  Phoenix (Chrono Boost)  
  49  6:35  Probe  
  50  6:42  Assimilator  
  50  6:44  Assimilator  
  50  6:47  Protoss Air Armor Level 1  
  50  6:51  Pylon  
  52  7:11  Phoenix (Chrono Boost)  
  52  7:25  Phoenix (Chrono Boost)  
  50  7:53  Adept  
  50  7:54  Adept x2  
  54  8:15  Pylon  
  54  8:17  Pylon  
  54  8:25  Probe  
  55  8:33  Phoenix (Chrono Boost), Nexus  
  59  8:35  Phoenix (Chrono Boost)  
  59  8:37  Assimilator  
  59  8:38  Assimilator  
  59  8:41  Pylon  
  59  8:43  Fleet Beacon  
  59  8:46  Probe  
  59  8:47  Probe  
  61  8:56  Pylon  
  61  9:00  Probe  
  61  9:02  Phoenix (Chrono Boost)  
  64  9:18  Probe  
  64  9:20  Probe  
  64  9:22  Phoenix (Chrono Boost)  
  68  9:28  Phoenix (Chrono Boost)  
  68  9:29  Probe  
  71  10:06  Anion Pulse-Crystals (Chrono Boost)  
  67  10:07  Probe  
  67  10:08  Phoenix (Chrono Boost), Probe  
  67  10:10  Phoenix (Chrono Boost)  
  67  10:12  Probe  
  72  10:17  Protoss Air Weapons Level 2  
  72  10:18  Probe  
  73  10:22  Probe  
  74  10:29  Phoenix (Chrono Boost), Gateway  
  74  10:35  Phoenix (Chrono Boost)  
  78  10:41  Probe  
  79  10:54  Phoenix  
  81  10:58  Probe  
  81  10:59  Probe x2  
  84  11:20  Robotics Facility  
  84  11:21  Pylon  
  84  11:23  Phoenix  
  84  11:24  Phoenix  
  88  11:34  Probe  
  88  11:35  Probe x2  
  92  11:47  Probe  
  92  11:48  Gateway x2  
  92  11:55  Gateway  
  92  11:56  Forge  
  92  11:57  Forge  
  92  11:59  Pylon  
  92  12:01  Pylon, Probe x2  
  94  12:04  Phoenix  
  95  12:09  Observer (Chrono Boost)  
  95  12:13  Phoenix  
  94  12:28  Observer (Chrono Boost)  
  95  12:31  Phoenix  
  95  12:33  Protoss Air Armor Level 2  
  95  12:35  Probe  
  95  12:36  Probe  
  95  12:38  Phoenix  
  95  12:39  Protoss Shields Level 1 (Chrono Boost)  
  86  12:56  Phoenix  
  84  13:02  Zealot x4  
  85  13:16  Phoenix  
  83  13:31  Phoenix  
  85  13:35  Probe x2  
  85  13:38  Probe  
  88  13:41  Phoenix  
  90  14:10  Phoenix  
  90  14:11  Phoenix  
  94  14:35  Phoenix  
  96  14:49  Protoss Air Weapons Level 3 (Chrono Boost)  
  94  14:54  Phoenix  
  96  15:00  Phoenix  
  96  15:03  Twilight Council  
  96  15:05  Gateway  
  96  15:06  Probe x2  
  100  15:08  Gateway x2  
  100  15:13  Stalker  
  102  15:16  Probe  
  102  15:18  Probe  
  102  15:19  Phoenix  
  106  15:25  Phoenix  
  108  15:36  Probe x2  
  108  15:42  Probe  
  111  15:43  Phoenix  
  111  15:48  Probe x2  
  115  16:02  Phoenix  
  117  16:05  Probe x2  
  117  16:06  Probe  
  117  16:08  Phoenix  
  122  16:27  Phoenix  
  124  16:33  Phoenix  
  124  16:39  Protoss Shields Level 2  
  125  16:48  Nexus  
  125  16:51  Assimilator  
  125  16:54  Assimilator  
  125  16:58  Pylon  
  125  16:59  Pylon  
  125  17:12  Pylon  
  125  17:15  Protoss Air Armor Level 3 (Chrono Boost)  
  108  17:55  Zealot x5  
  97  18:28  Zealot  
  97  18:29  Zealot x4  
  97  18:31  Protoss Ground Weapons Level 1  
  107  18:37  Probe x2  
  107  18:38  Probe  
  107  18:40  Protoss Ground Armor Level 1  
  110  18:52  Observer  
  111  18:55  Zealot  
  111  18:56  Zealot x4  
  121  19:05  Void Ray x2 (Chrono Boost)  
  129  19:13  Observer  
  129  19:14  Probe  
  131  19:17  Probe  
  131  19:18  Probe  
  131  19:19  Probe  
  130  19:46  Void Ray x2 (Chrono Boost)  
  132  20:10  Zealot x4  
  132  20:11  Zealot  
  142  20:19  Charge  
  142  20:23  Void Ray (Chrono Boost)  
  142  20:24  Void Ray (Chrono Boost)  
  146  20:36  Zealot x2  
  146  20:37  Zealot x3  
  146  20:38  Zealot  
  151  21:05  Void Ray x2 (Chrono Boost)  
  151  21:09  Probe, Protoss Ground Weapons Level 2  
  151  21:10  Probe  
  161  21:57  Nexus  
  161  22:01  Assimilator  
  161  22:03  Assimilator  
  161  22:07  Pylon  
  161  22:10  Pylon  
  161  22:11  Void Ray (Chrono Boost)  
  147  23:46  Zealot x6  
  147  23:47  Zealot x2  
  158  24:34  Zealot x4  
  158  24:35  Zealot x4  
  174  24:51  Protoss Ground Weapons Level 3 (Chrono Boost), Protoss Shields Level 3 (Chrono Boost)  
  172  25:04  Nexus  
  172  25:06  Assimilator  
  168  25:08  Assimilator  
  168  25:26  Zealot  
  168  25:27  Zealot x5  
  168  25:28  Zealot x2  
  184  25:42  Gateway  
  184  25:43  Gateway  
  184  25:46  Probe  
  184  25:48  Probe x2  
  187  25:50  Gateway  
  187  25:55  Gateway x2  
  187  25:58  Gateway  
  187  26:23  Zealot x2  
  187  26:24  Zealot x4  
  199  26:49  Observer  
  200  27:20  Nexus  
  200  27:22  Assimilator  
  200  27:26  Assimilator  
  200  27:29  Pylon  
  200  27:30  Pylon  
  200  27:31  Pylon  
Show
View Real Time Build Order
Export as new Build Order

Vapor Protoss 

Build Orders:  

Get SALT Encoding   

  12  0:02  Probe (Chrono Boost)  
  13  0:12  Probe (Chrono Boost)  
  14  0:23  Probe (Chrono Boost)  
  14  0:25  Pylon  
  15  0:38  Assimilator  
  15  0:43  Probe (Chrono Boost)  
  16  0:54  Probe (Chrono Boost), Gateway  
  17  1:04  Probe (Chrono Boost)  
  18  1:15  Probe (Chrono Boost)  
  20  1:25  Probe (Chrono Boost)  
  20  1:26  Pylon  
  20  1:36  Probe (Chrono Boost)  
  21  1:41  Zealot (Chrono Boost)  
  23  1:50  Probe  
  24  1:57  Cybernetics Core  
  24  2:03  Probe  
  24  2:07  Assimilator  
  25  2:19  Pylon  
  25  2:28  Nexus  
  25  2:35  Mothership Core (Chrono Boost)  
  25  2:36  Stalker (Chrono Boost)  
  29  3:00  Assimilator  
  29  3:04  Probe, Assimilator  
  30  3:17  Stargate  
  30  3:21  Warp Gate  
  30  3:25  Probe  
  25  3:44  Stalker (Chrono Boost)  
  25  3:48  Probe  
  26  4:01  Phoenix, Probe  
  27  4:13  Probe  
  27  4:15  Gateway  
  28  4:21  Probe  
  29  4:25  Probe  
  28  4:31  Probe  
  28  4:37  Probe  
  28  4:42  Probe  
  29  4:49  Probe  
  29  4:52  Probe  
  30  4:53  Phoenix  
  33  5:01  Probe (Chrono Boost)  
  33  5:04  Probe (Chrono Boost)  
  35  5:12  Probe (Chrono Boost)  
  36  5:15  Probe (Chrono Boost)  
  37  5:23  Probe (Chrono Boost)  
  38  5:36  Probe x2 (Chrono Boost)  
  38  5:38  Pylon, Stalker  
  42  5:49  Forge  
  40  5:58  Stalker  
  37  6:13  Phoenix  
  39  6:21  Probe (Chrono Boost)  
  40  6:31  Probe (Chrono Boost)  
  40  6:32  Probe (Chrono Boost), Photon Cannon  
  42  6:34  Photon Cannon  
  42  6:37  Phoenix, Photon Cannon  
  44  6:45  Probe (Chrono Boost)  
  44  6:46  Probe (Chrono Boost)  
  46  6:47  Stalker  
  46  6:48  Stalker  
  44  7:19  Stalker x2  
  46  7:36  Gateway  
  46  7:37  Gateway  
  46  7:39  Gateway  
  40  7:55  Stalker  
  40  7:56  Stalker  
  40  8:20  Pylon x2  
  40  8:23  Protoss Ground Armor Level 1 (Chrono Boost)  
  40  8:42  Photon Cannon  
  40  8:44  Probe x2 (Chrono Boost)  
  40  8:46  Stalker  
  40  8:47  Photon Cannon, Stalker x2  
  48  8:51  Photon Cannon  
  48  8:53  Photon Cannon  
  48  9:03  Stalker  
  48  9:04  Stalker  
  52  9:11  Probe  
  52  9:12  Probe  
  52  9:15  Phoenix (Chrono Boost)  
  56  9:20  Stalker x2  
  60  9:33  Robotics Facility  
  60  9:50  Stalker x3  
  60  9:51  Stalker x2  
  66  10:21  Observer  
  67  10:25  Protoss Ground Weapons Level 1, Stalker  
  69  10:39  Pylon  
  69  10:41  Pylon  
  69  10:44  Photon Cannon  
  69  10:47  Observer  
  70  11:09  Photon Cannon  
  70  11:11  Photon Cannon  
  70  11:16  Stalker  
  70  11:17  Stalker x2  
  70  11:18  Stalker x2  
  80  11:32  Nexus  
  80  11:45  Stalker x2  
  80  11:46  Stalker  
  86  11:59  Pylon  
  86  12:01  Pylon  
  86  12:05  Pylon  
  86  12:07  Twilight Council  
  63  13:14  Stalker x4  
  63  13:15  Stalker  
  63  13:24  Photon Cannon  
  63  13:26  Probe  
  57  13:27  Photon Cannon  
  57  13:28  Protoss Ground Armor Level 2 (Chrono Boost)  
  57  13:32  Photon Cannon  
  57  13:34  Photon Cannon  
  56  13:37  Probe, Photon Cannon  
  57  13:47  Probe, Stalker x2  
  57  13:48  Stalker x3  
  68  13:58  Probe  
  69  14:07  Observer (Chrono Boost)  
  70  14:12  Blink (Chrono Boost)  
  70  14:20  Stalker x4  
  70  14:21  Stalker  
  68  14:46  Stalker  
  68  14:47  Stalker x3  
  68  14:48  Stalker  
  74  15:00  Probe  
  74  15:05  Assimilator  
  75  15:10  Probe  
  75  15:13  Phoenix  
  78  15:21  Probe  
  79  15:31  Probe  
  79  15:32  Stalker  
  79  15:33  Stalker x2  
  79  15:34  Stalker x2  
  90  15:38  Phoenix  
  91  15:56  Stalker  
  91  15:57  Stalker x4  
  101  16:08  Assimilator  
  99  16:25  Protoss Ground Armor Level 3  
  99  16:33  Pylon  
  99  16:34  Pylon  
  99  16:53  Photon Cannon  
  99  16:56  Photon Cannon x2  
  97  17:12  Stalker x2  
  95  17:25  Gateway x2  
  90  17:31  Probe  
  91  17:42  Probe  
  90  17:53  Probe  
  67  18:07  Stalker  
  67  18:08  Stalker x2  
  67  18:09  Stalker x2  
  45  18:34  Probe  
  46  18:44  Probe  
  47  18:53  Photon Cannon  
  47  18:55  Probe  
  47  19:01  Photon Cannon  
  48  19:03  Protoss Ground Weapons Level 2  
  48  19:07  Probe  
  49  19:10  Photon Cannon  
  49  19:17  Probe  
  50  19:39  Stalker x2  
  54  19:48  Photon Cannon  
  42  20:17  Probe  
  29  20:59  Probe  
  30  21:10  Probe  
  31  21:55  Stalker x2  
  31  21:56  Stalker  
  37  22:04  Stalker  
  39  22:10  Stalker  
  41  22:18  Stalker  
  43  22:23  Stalker  
  45  22:31  Stalker  
  45  22:36  Stalker  
  41  23:15  Photon Cannon  
  41  23:16  Photon Cannon  
  41  23:19  Pylon  
  41  23:20  Pylon  
  29  24:44  Forge  
Tags
 
Matchup
PvP
Replay Pack
All Mines
Spawn Locations
Close Positions
Add a new tag
Caveats
  • Supply blocks, unpowered buildings, or Contaminate may cause inaccurate times.
  • Supply counts are checked every 10 seconds.